 Dungeon Crawl Stone Soup version 0.23.2-11-gf996548c65 (webtiles) character file.

Game seed: 3500394325326447384

529070 dvd the Hawkeye (level 26, -7/279 HPs)
             Began as an Ogre Hunter on June 3, 2019.
             Was the Champion of Okawaru.
             Killed from afar by a deep elf annihilator (53 damage)
             ... with a crystal spear
             ... while paralysed by a floating eye
             ... on level 5 of the Vaults on June 6, 2019.
             The game lasted 04:03:44 (54791 turns).

dvd the Hawkeye (Ogre Hunter)                      Turns: 54791, Time: 04:03:45

Health: -7/279     AC: 23    Str: 25    XL:     26   Next: 15%
Magic:  0/44       EV: -2    Int: 15    God:    Okawaru [******]
Gold:   2736       SH:  0    Dex: 31    Spells: 33/39 levels left

rFire    + . .     SeeInvis .   S - +9 long sword (distort)
rCold    + + .     Gourm    .   L - +1 large shield {AC+3}
rNeg     . . .     Faith    .   K - +4 steam dragon scales
rPois    +         Spirit   +   z - +3 hat of Pondering {ponderous, MR+ MP+10 Int+5}
rElec    +         Reflect  .   W - +1 cloak of Starlight {rElec rC+ EV+4 Stlth--}
rCorr    .         Harm     .   (gloves unavailable)
MR       +++..                  (boots unavailable)
Stlth    ++........             o - amulet of the Ego {Spirit rElec rPois Dex+7 Stlth-}
HPRegen  0.56/turn              R - ring "Cojamm" {*Corrode rPois rF+ AC+1 Dex+7}
MPRegen  0.29/turn              Y - +4 ring of slaying

@: paralysed, heroism, finesse, constricted, lightly drained, slow
A: large, unfitting armour, agile 1, cold resistance 1, deterioration 1, dopey
1, tough skin 1
}: 2/15 runes: serpentine, barnacled
a: Heroism, Finesse, Renounce Religion


You were on level 5 of the Vaults.
You worshipped Okawaru.
Okawaru was exalted by your worship.
You were not hungry.

You visited 9 branches of the dungeon, and saw 43 of its levels.
You visited the Abyss 1 time.
You visited 1 bazaar.
You also visited: Wizlab.

You collected 6119 gold pieces.
You spent 3383 gold pieces at shops.

Inventory:

Hand Weapons
 a - the +10 double sword "Weegeoj" {elec, rN+}
   (Okawaru gifted it to you on level 3 of the Lair of Beasts)

   Occasionally, upon striking a foe, it will discharge some electrical energy
   and cause terrible harm.
   It protects you from negative energy.
 S - a +9 long sword of distortion (weapon)
 T - the +9 sword of Zonguldrok {reap}
   (You found it in a wizard's laboratory)

   If a monster killed with it leaves a corpse in good enough shape, the corpse
   will be animated as a zombie friendly to the killer.
Missiles
 i - 9 silver javelins (quivered)
 j - 22 javelins
 k - 6 tomahawks of returning
 l - 6 javelins of returning
 J - 48 large rocks
 M - 6 poisoned tomahawks
 Q - 8 steel tomahawks
Armour
 c - +0 shadow dragon scales
 d - a +2 robe of resistance
 e - +0 storm dragon scales
 z - the +3 hat of Pondering (worn) {ponderous, MR+ MP+10 Int+5}
   (You found it on level 2 of the Lair of Beasts)

   It affects your intelligence (+5).
   It affects your resistance to hostile enchantments.
   It affects your magic capacity (+10).
 G - a +2 hat of see invisible
 K - +4 steam dragon scales (worn)
 L - a +1 large shield of protection (worn)
 W - the +1 cloak of Starlight (worn) {rElec rC+ EV+4 Stlth--}
   (You bought it in a shop on level 3 of the Depths)

   It affects your evasion (+4).
   It protects you from cold.
   It insulates you from electricity.
   It makes you much less stealthy.
Jewellery
 o - the amulet of the Ego (around neck) {Spirit rElec rPois Dex+7 Stlth-}
   (You took it off a deep elf blademaster on level 3 of the Elven Halls)

   [amulet of guardian spirit]

   It causes incoming damage to be split between your health and magic.
   It affects your dexterity (+7).
   It insulates you from electricity.
   It protects you from poison.
   It makes you less stealthy.
 p - the ring "Justuo" {rCorr Str+3}
   (You found it on level 3 of the Elven Halls)

   [ring of resist corrosion]

   It affects your strength (+3).
 w - the ring of Tuttuitz {*Tele rElec rC++ rN+}
   (You found it on level 3 of the Depths)

   [ring of teleportation]

   It may teleport you next to monsters.
   It greatly protects you from cold.
   It insulates you from electricity.
   It protects you from negative energy.
 R - the ring "Cojamm" (left hand) {*Corrode rPois rF+ AC+1 Dex+7}
   (You acquired it on level 2 of the Elven Halls)

   [ring of protection]

   It affects your AC (+1).
   It affects your dexterity (+7).
   It protects you from fire.
   It protects you from poison.
   It may corrode you when you take damage.
 Y - a +4 ring of slaying (right hand)
Wands
 m - a wand of iceblast (7)
 u - a wand of flame (34)
 x - a wand of clouds (7)
 C - a wand of acid (31)
 E - a wand of disintegration (29)
 F - a wand of digging (14)
Scrolls
 b - 4 scrolls of fog
 h - 5 scrolls of magic mapping
 n - 22 scrolls of remove curse
 r - 5 scrolls of blinking
 B - 3 scrolls of fear
 H - 25 scrolls of identify
 V - 16 scrolls of teleportation
 X - a scroll of holy word
Potions
 g - 2 potions of flight
 q - 9 potions of agility
 s - 8 potions of might
 t - a potion of ambrosia
 v - 5 potions of cancellation
 A - 2 potions of invisibility
 D - a potion of magic
 I - 9 potions of haste
 N - 5 potions of heal wounds
 O - 11 potions of curing
 P - 7 potions of mutation
 U - a potion of resistance
Miscellaneous
 y - 3 phantom mirrors
Comestibles
 f - 76 rations


   Skills:
 + Level 19.2(23.7) Fighting
   Level 0.2(16.2) Short Blades
 + Level 17.2(21.8) Long Blades
   Level 4.5(13.3) Axes
   Level 10.4(15.3) Maces & Flails
 + Level 21.2(25.7) Throwing
 * Level 10.5(15.1) Armour
 + Level 13.6(18.2) Dodging
 + Level 5.6(10.2) Stealth
 + Level 17.0(21.5) Shields
 + Level 7.3(7.0) Spellcasting
 + Level 5.2(4.9) Charms
 + Level 5.0(4.7) Necromancy
 + Level 3.2(2.9) Translocations
 + Level 6.1(5.9) Invocations
 + Level 1.9(1.7) Evocations


You had 33 spell levels left.
You knew the following spells:

 Your Spells              Type           Power        Failure   Level  Hunger
a - Regeneration          Chrm/Necr      ###.......   5%          3    ##.....
b - Blink                 Tloc           N/A          6%          2    None
c - Apportation           Tloc           ##....       3%          1    None

Your spell library contained the following spells:

 Spells                   Type           Power        Failure   Level  Hunger
 Animate Skeleton         Necr           N/A          1%          1    None
 Infusion                 Chrm           ###.         1%          1    None
 Pain                     Necr           ###.         1%          1    None
 Corpse Rot               Necr           N/A          2%          2    None
 Song of Slaying          Chrm           ###.....     2%          2    None
 Sublimation of Blood     Necr           ###.......   2%          2    None
 Shroud of Golubria       Chrm/Tloc      ###.......   4%          2    None
 Vampiric Draining        Necr           ###.......   5%          3    ##.....
 Gell's Gravitas          Tloc           ##........   12%         3    ##.....
 Teleport Other           Tloc           ##......     12%         3    ##.....
 Confusing Touch          Hex            #.....       13%         1    None
 Corona                   Hex            #......      13%         1    None
 Flame Tongue             Conj/Fire      #....        13%         1    None
 Freeze                   Ice            #...         13%         1    None
 Magic Dart               Conj           #...         13%         1    None
 Sandblast                Erth           #.....       13%         1    None
 Sting                    Conj/Pois      #...         13%         1    None
 Summon Butterflies       Summ           #.......     13%         1    None
 Ozocubu's Armour         Chrm/Ice       ##......     14%         3    ##.....
 Spectral Weapon          Hex/Chrm       ##......     14%         3    ##.....
 Animate Dead             Necr           N/A          19%         4    ####...
 Call Imp                 Summ           #.......     21%         2    None
 Ensorcelled Hibernation  Hex/Ice        #.....       21%         2    None
 Passwall                 Tmut/Erth      #.......     21%         2    None
 Poisonous Vapours        Pois/Air       #.....       21%         2    None
 Searing Ray              Conj           #.....       21%         2    None
 Slow                     Hex            #.......     21%         2    None
 Throw Flame              Conj/Fire      #.....       21%         2    None
 Throw Frost              Conj/Ice       #.....       21%         2    None
 Portal Projectile        Hex/Tloc       #.....       22%         3    ##.....
 Recall                   Summ/Tloc      N/A          22%         3    ##.....
 Confuse                  Hex            #.......     36%         3    ##.....
 Conjure Flame            Conj/Fire      #.......     36%         3    ##.....
 Dazzling Spray           Conj/Hex       #.....       36%         3    ##.....
 Ignite Poison            Fire/Tmut/Pois #.......     36%         3    ##.....
 Inner Flame              Hex/Fire       #.......     36%         3    ##.....
 Mephitic Cloud           Conj/Pois/Air  #.......     36%         3    ##.....
 Stone Arrow              Conj/Erth      #.....       36%         3    ##.....
 Passage of Golubria      Tloc           N/A          36%         4    ####...
 Agony                    Necr           ###.....     45%         5    #####..
 Force Lance              Conj/Tloc      #.......     56%         4    ####...
 Airstrike                Air            #.........   78%         4    ####...
 Fulminant Prism          Conj/Hex       #.........   78%         4    ####...
 Ice Form                 Ice/Tmut       #.......     78%         4    ####...
 Iskenderun's Mystic Bla  Conj           #.......     78%         4    ####...
 Olgreb's Toxic Radiance  Pois           #.......     78%         4    ####...
 Petrify                  Tmut/Erth      #.......     78%         4    ####...
 Sticky Flame             Conj/Fire      #.......     78%         4    ####...
 Summon Ice Beast         Ice/Summ       #.......     78%         4    ####...
 Summon Lightning Spire   Summ/Air       #.......     78%         4    ####...
 Throw Icicle             Conj/Ice       #.......     78%         4    ####...
 Borgnjor's Vile Clutch   Necr/Erth      ##........   80%         5    #####..
 Iskenderun's Battlesphe  Conj/Chrm      ##......     80%         5    #####..
 Death Channel            Necr           ###.......   96%         6    #######
 Alistair's Intoxication  Tmut/Pois      #.......     98%         5    #####..
 Fireball                 Conj/Fire      #.........   98%         5    #####..
 Irradiate                Conj/Tmut      #.........   98%         5    #####..
 Lee's Rapid Deconstruct  Erth           #.........   98%         5    #####..
 Lightning Bolt           Conj/Air       #.........   98%         5    #####..
 Metabolic Englaciation   Hex/Ice        #.........   98%         5    #####..
 Silence                  Hex/Air        #.........   98%         5    #####..
 Venom Bolt               Conj/Pois      #.........   98%         5    #####..
 Yara's Violent Unravell  Hex/Tmut       #.........   98%         5    #####..
 Bolt of Cold             Conj/Ice       #.........   100%        6    #######
 Conjure Ball Lightning   Conj/Air       #.........   100%        6    #######
 Darkness                 Hex            #.........   100%        6    #######
 Deflect Missiles         Chrm/Air       ##........   100%        6    #######
 Freezing Cloud           Conj/Ice/Air   #.........   100%        6    #######
 Hydra Form               Tmut           #.........   100%        6    #######
 Ozocubu's Refrigeration  Ice            #.........   100%        6    #######
 Shadow Creatures         Summ           N/A          100%        6    #######
 Simulacrum               Ice/Necr       ##........   100%        6    #######
 Statue Form              Tmut/Erth      #........    100%        6    #######
 Dragon Form              Tmut           #.........   100%        7    #######
 Malign Gateway           Summ/Tloc      #.........   100%        7    #######
 Ring of Flames           Chrm/Fire      ##........   100%        7    #######
 Summon Hydra             Summ           #.........   100%        7    #######
 Controlled Blink         Tloc           N/A          100%        8    #######
 Tornado                  Air            #.........   100%        9    #######


Dungeon Overview and Level Annotations

Branches:
Dungeon (15/15)            Temple (1/1) D:6            Lair (6/6) D:10
 Shoals (4/4) Lair:2        Snake (4/4) Lair:2        Slime (0/5) Lair:5
    Orc (2/2) D:12            Elf (3/3) Orc:2        Vaults (5/5) D:13
  Crypt (0/3) Vaults:3     Depths (3/5) D:15

Altars:
Ashenzari
Dithmenos
Elyvilon
Fedhas
Gozag
Hepliaklqana
Kikubaaqudgha
Makhleb
Nemelex Xobeh
Okawaru
Qazlal
Sif Muna
Trog
Wu Jian
Xom
Yredelemnul
Zin
The Shining One
Jiyva

Shops:
D:7 :   D:9 [   D:10 (*   D:13 =   D:14 *[[   D:15 %   Orc:2 %:?%   Elf:1 [
Snake:3 (   Snake:4 [   Depths:3 *[

Portals:
Hell: Depths:1 Depths:2 Depths:3
Abyss: Depths:1
Pandemonium: Depths:2 Depths:3
Trove: Elf:1 (give +2 shadow dragon scales)

Annotations:
Elf:2 2 runed translucent doors


Innate Abilities, Weirdness & Mutations

You are too large for most types of armour.
You have tough skin. (AC +1)
You are agile. (Dex +2)
Your flesh is cold resistant. (rC+)
Your body sometimes deteriorates upon taking damage.
You are dopey. (Int -2)


Message History

The tentacled monstrosity tentacle-slaps you but does no damage.
* * * LOW HITPOINT WARNING * * *
The tentacled monstrosity constricts you!
The storm dragon disappears!
The floating eye changes into a hippogriff!
The war gargoyle hits you with a cursed -2 dire flail!
* * * LOW HITPOINT WARNING * * *
The phantasmal warrior hits you but does no damage.
The vault warden hits you with a +2 great mace.
* * * LOW HITPOINT WARNING * * *
The harpy claws you but does no damage. The harpy claws you.
* * * LOW HITPOINT WARNING * * *
A vault warden comes into view. It is wielding a +0 glaive.
The vault warden hits you but does no damage.
A yaktaur comes into view.
The shadow dragon bites you but does no damage.
The shadow dragon claws you but does no damage. x2
The deep elf annihilator points at you and mumbles some strange words.
The crystal spear hits you!!!
You die...

D.....#....# #
#.#...#....# p##
.....#....##..#
#...#....#....
.e.....[p...#
######...cCCWD#####
.........DxGpC.....
.......[2CpDCx.....
........WcX@eC.....
........44WH9H.....
#####.[4ecccc.####
#.....c.....
#.##.......##.. #.#
#...p#.## # #.#
#....#.# #.#
#...c#.. ..# #....#
.


You could see a shadow dragon, a tentacled monstrosity, an iron dragon, a storm
dragon, 2 fire giants, 4 stone giants, 4 vault wardens, 3 yaktaur captains, 2
deep elf annihilators, a great orb of eyes, a deep elf demonologist, a war
gargoyle, a vault sentinel, 2 phantasmal warriors, 5 yaktaurs, a rust devil, a
freezing wraith, a hippogriff shaped shifter, a harpy, a tormentor, a chaos
spawn, a red devil and 2 crawling corpses.

Vanquished Creatures
  Mara (Elf:3)
  2 ancient liches
  A juggernaut (Depths:3)
  Sojobo (Depths:3)
  Boris (Vaults:3)
  Saint Roka (Vaults:1)
  A golden dragon (Depths:2)
  Nikola (Vaults:3)
  4 liches
  Jorgrun (D:14)
  2 deep elf blademasters (Elf:3)
  2 deep elf master archers (Elf:3)
  A titan (Vaults:4)
  2 quicksilver dragons
  5 sphinxes
  A kraken (Shoals:2)
  Agnes (Elf:1)
  4 tentacled starspawn (Abyss:3)
  Frances (Elf:1)
  2 ancient champions
  7 tengu reavers
  2 storm dragons
  Kirke (Lair:2)
  2 shadow dragons (Vaults:4)
  9 nagarajas
  The ghost of Hycrow the Executioner, a journeyman MiBe of Trog (Snake:3)
  4 fire giants (Vaults:4)
  Ilsuiw (Shoals:2)
  11 frost giants
  7 deep elf sorcerers
  Aizul (Elf:2)
  Louise (D:14)
  An iron dragon (Depths:2)
  8 vault wardens
  13 ironheart preservers
  A spriggan defender (Depths:3)
  19 very ugly things
  4 deep elf elementalists
  11 stone giants
  4 vampire knights
  8 deep elf demonologists
  2 dire elephants (Lair:6)
  A spark wasp (Depths:3)
  3 deep elf annihilators
  The ghost of Aurelien the Basher, a journeyman MiFi of Trog (Orc:1)
  9 ettins
  2 merfolk javelineers
  8 deep elf death magi
  Josephine (D:14)
  5 fire dragons
  7 merfolk impalers
  8 ogre magi
  5 jiangshi (Depths:3)
  The ghost of Jeban the Spear-Bearer, a journeyman OpFi of Gozag (Lair:5)
  5 deep elf high priests
  14 great orbs of eyes
  11 yaktaur captains
  4 rakshasas
  Fannar (Lair:3)
  7 ice dragons
  19 naga warriors
  4 hydras
  2 spriggan air magi
  38 vault guards
  7 centaur warriors
  41 two-headed ogres
  3 merfolk avatars
  4 merfolk aquamancers (Shoals:4)
  A death knight (Vaults:1)
  17 anacondas
  3 satyrs
  30 dancing weapons
  3 vampire magi (Depths:3)
  A two-headed ogre (shapeshifter) (Elf:2)
  16 deep troll shamans
  5 orc high priests
  3 tengu warriors
  14 deep troll earth magi
  A thrashing horror (Abyss:3)
  A spriggan berserker (Depths:3)
  9 shock serpents
  12 naga sharpshooters
  7 spriggans (Lair:5)
  27 deep elf knights
  A fire crab (shapeshifter) (Depths:1)
  5 iron trolls (Depths:1)
  17 skeletal warriors
  A wretched star (Abyss:3)
  2 shadow wraiths
  11 sea snakes
  5 unseen horrors
  9 naga ritualists
  6 salamander mystics (Snake:4)
  5 glowing orange brains
  A sea snake (shapeshifter) (Vaults:3)
  17 deep trolls
  10 wizards
  An orange crystal statue (Elf:3)
  4 phantasmal warriors
  4 flayed ghosts
  A lindwurm (shapeshifter) (Vaults:4)
  4 lindwurms (Snake:4)
  A harpy (shapeshifter) (Abyss:3)
  7 ironbrand convokers
  4 necromancers
  20 deep elf archers
  Pikel (D:6)
  39 ugly things
  31 harpies
  13 orc knights
  An orb spider (Abyss:3)
  88 deep elf magi
  14 mana vipers
  A cyclops (shapeshifter) (Elf:1)
  33 slime creatures
  10 fauns
  14 salamanders
  2 wolf spiders
  8 cyclopes
  10 orc sorcerers
  A fire giant zombie (Abyss:3)
  A worldbinder (Abyss:3)
  7 manticores
  3 moths of wrath
  8 elephants
  11 guardian serpents
  8 merfolk sirens
  Maurice (D:8)
  Joseph (D:7)
  38 black mambas
  9 vault sentinels
  A smoke demon (Abyss:3)
  3 water nymphs
  21 large abominations
  Psyche (D:11)
  A spiny frog (shapeshifter) (D:15)
  A gargoyle (D:11)
  30 naga magi
  10 spiny frogs
  A rime drake (shapeshifter) (D:15)
  31 yaktaurs
  A yaktaur (shapeshifter) (D:15)
  7 rime drakes
  2 ice devils (D:11)
  2 kobold demonologists (D:14)
  10 komodo dragons
  4 tengu conjurers
  6 freezing wraiths
  10 trolls
  30 merfolk
  2 hornets (shapeshifter)
  4 tyrant leeches (Depths:2)
  8 raiju (Abyss:3)
  4 polar bears (Lair:6)
  A wind drake (shapeshifter) (Depths:1)
  A polar bear (shapeshifter) (D:15)
  11 blink frogs
  Grinder (D:3)
  3 wind drakes
  6 hornets
  A meliai zombie (D:14)
  An ettin zombie (Abyss:3)
  A hippogriff (shapeshifter) (Vaults:1)
  4 snapping turtles
  12 hippogriffs
  A frost giant simulacrum (Vaults:1)
  Sigmund (D:3)
  3 flying skulls (Abyss:3)
  5 wraiths
  2 tarantellas (shapeshifter)
  2 shadows
  6 wyverns
  13 water elementals
  3 air elementals
  6 hogs
  30 yaks
  Grum (D:9)
  A fire elemental (Elf:3)
  A hog (shapeshifter) (Depths:2)
  7 humans (D:13)
  5 vampires
  4 chaos spawn
  2 neqoxecs (Abyss:3)
  5 basilisks
  Edmund (D:6)
  Menkaure (D:7)
  A hungry ghost (D:10)
  A yaktaur simulacrum (Vaults:2)
  2 steam dragons
  4 wargs
  An acid dragon (D:15)
  70 nagas
  2 two-headed ogre zombies (WizLab)
  A warg (shapeshifter) (Depths:2)
  18 water moccasins
  5 porcupines
  3 floating eyes
  A hornet zombie (D:15)
  15 small abominations
  46 orc warriors
  2 sky beasts
  3 black bears
  5 ice beasts
  3 slaves (D:5)
  2 eyes of draining
  3 wolves (D:9)
  31 ogres
  12 boggarts
  18 centaurs
  16 crocodiles
  A crocodile (shapeshifter) (Depths:2)
  4 big kobolds
  8 earth elementals
  5 elf zombies (Elf:1)
  19 bullfrogs
  A wyvern zombie (D:14)
  3 scorpions
  9 troll zombies (WizLab)
  A water moccasin skeleton (D:8)
  5 killer bees (D:11)
  9 wights
  2 electric eels (Lair:5)
  A howler monkey (D:5)
  4 crimson imps
  6 centaur zombies
  3 bullfrog zombies
  2 quasits
  8 centaur skeletons
  21 orc priests
  A bullfrog skeleton (D:6)
  3 hounds
  7 jellies
  A water moccasin simulacrum (D:11)
  Ijyb (D:3)
  36 orc wizards
  Crazy Yiuf (D:7)
  4 iguanas
  An iron imp (Abyss:3)
  10 worker ants
  2 polar bear simulacra (Lair:6)
  3 wolf simulacra (Lair:6)
  3 yak simulacra (Lair:6)
  6 ogre zombies (WizLab)
  3 hound skeletons
  A worker ant zombie (D:11)
  10 gnolls
  13 adders
  4 shadow imps
  2 white imps (D:11)
  2 ufetubi
  4 oozes
  4 adder skeletons
  4 adder zombies
  6 worms
  6 leopard geckos
  93 orcs
  7 bats
  6 giant cockroaches
  7 goblins
  11 hobgoblins
  A jackal (D:3)
  5 quokkas
  3 ball pythons
  A ball python skeleton (D:4)
  6 frilled lizards
  13 kobolds
  A leopard gecko skeleton (D:6)
  7 rats
  3 river rat simulacra (Lair:6)
  2 crawling corpses (Vaults:3)
  A fungus (Lair:5)
  3 plants
  2 starspawn tentacles (Abyss:3)
2022 creatures vanquished.

Vanquished Creatures (collateral kills)
  A black bear (shapeshifter) (Vaults:4)
  An ogre (Vaults:4)
2 creatures vanquished.

Vanquished Creatures (others)
  A lich (Vaults:5)
  A fire giant (Depths:3)
  A stone giant (Depths:3)
  A fire dragon (Depths:3)
  A deep elf high priest (Depths:3)
  A naga warrior (Snake:4)
  5 vault guards
  A tengu warrior (Depths:3)
  An ogre mage (Vaults:5)
  A vampire mage (Depths:3)
  A phantasmal warrior (Vaults:5)
  A harpy (Vaults:5)
  A deep elf mage (Vaults:4)
  A black mamba (Snake:3)
  A blink frog (Abyss:3)
  A warg (Depths:3)
  A bullfrog (D:14)
  A small abomination (Abyss:3)
  An orc priest (Orc:1)
  An orc (Depths:3)
  2 bushes (Elf:3)
  A fungus (Lair:6)
  8 plants
  12 starspawn tentacles (Abyss:3)
  4 tentacles (Shoals:2)
51 creatures vanquished.

Grand Total: 2075 creatures vanquished

Notes
Turn   | Place    | Note
-------+----------+-------------------------------------------
     0 | D:1      | dvd the Ogre Hunter began the quest for the Orb.
     0 | D:1      | Reached XP level 1. HP: 22/22 MP: 1/1
   141 | D:1      | Reached XP level 2. HP: 13/29 MP: 2/2
   798 | D:1      | Reached XP level 3. HP: 36/36 MP: 3/3
  1210 | D:2      | Reached skill level 5 in Throwing
  1397 | D:2      | Reached XP level 4. HP: 27/45 MP: 2/4
  1662 | D:2      | Reached skill level 1 in Stealth
  2032 | D:3      | Noticed Sigmund
  2035 | D:3      | Killed Sigmund
  2035 | D:3      | Reached skill level 1 in Axes
  2035 | D:3      | Reached skill level 6 in Throwing
  2035 | D:3      | Reached XP level 5. HP: 49/53 MP: 5/5
  2035 | D:3      | Reached XP level 6. HP: 56/61 MP: 6/6
  2086 | D:3      | Noticed Ijyb
  2088 | D:3      | Killed Ijyb
  2330 | D:3      | Noticed Grinder
  2337 | D:3      | Paralysed by Grinder for 5 turns
  2343 | D:3      | Paralysed by Grinder for 3 turns
  2348 | D:3      | Killed Grinder
  2348 | D:3      | Reached XP level 7. HP: 41/70 MP: 3/7
  2876 | D:3      | Found a glowing silver altar of Zin.
  2877 | D:3      | Found an opulent altar of Gozag.
  3155 | D:4      | Found a shattered altar of Ashenzari.
  3401 | D:4      | Reached skill level 5 in Fighting
  3404 | D:4      | Reached XP level 8. HP: 72/80 MP: 8/8
  3653 | D:4      | Reached skill level 1 in Maces & Flails
  3653 | D:4      | Reached skill level 7 in Throwing
  3910 | D:5      | Entered Level 5 of the Dungeon
  4712 | D:6      | Noticed Pikel
  4967 | D:6      | Killed Pikel
  4967 | D:6      | Reached XP level 9. HP: 59/89 MP: 5/9
  5022 | D:6      | Found an ancient bone altar of Kikubaaqudgha.
  5087 | D:6      | Noticed Edmund
  5100 | D:6      | Killed Edmund
  5476 | D:6      | Found a staircase to the Ecumenical Temple.
  5652 | D:6      | Found an ornate altar of the Wu Jian Council.
  5694 | Temple   | Entered the Ecumenical Temple
  5771 | Temple   | Became a worshipper of Warmaster Okawaru
  5866 | D:6      | Found a deep blue altar of Sif Muna.
  5937 | D:7      | Reached skill level 5 in Maces & Flails
  6233 | D:7      | Noticed Menkaure
  6250 | D:7      | Killed Menkaure
  6302 | D:7      | Noticed Joseph
  6313 | D:7      | Found Abiviat's Book Emporium.
  6317 | D:7      | Killed Joseph
  6317 | D:7      | Reached * piety under Okawaru
  6317 | D:7      | Reached skill level 8 in Throwing
  6356 | D:7      | Found a blossoming altar of Fedhas.
  6357 | D:7      | Found a stormy altar of Qazlal.
  6497 | D:6      | Reached XP level 10. HP: 71/104 MP: 10/10
  6786 | D:7      | Found a white marble altar of Elyvilon.
  6918 | D:7      | Found a runed translucent door.
  6919 | D:7      | Noticed Crazy Yiuf
  6927 | D:7      | Killed Crazy Yiuf
  7199 | D:8      | Noticed a two-headed ogre
  7214 | D:8      | Killed a two-headed ogre
  7214 | D:8      | Reached ** piety under Okawaru
  7214 | D:8      | Reached skill level 5 in Dodging
  7370 | D:8      | Reached skill level 9 in Throwing
  7539 | D:8      | Noticed Maurice
  7543 | D:8      | Paralysed by something for 3 turns
  7549 | D:8      | Paralysed by something for 5 turns
  7800 | D:8      | Killed Maurice
  8305 | D:9      | Reached *** piety under Okawaru
  8391 | D:9      | Found Qegaumm's Armour Boutique.
  8422 | D:9      | Noticed a two-headed ogre
  8428 | D:9      | Killed a two-headed ogre
  8428 | D:9      | Received a gift from Okawaru
  8428 | D:9      | Reached skill level 10 in Throwing
  8523 | D:9      | Noticed Grum
  8535 | D:9      | Reached XP level 11. HP: 109/113 MP: 7/11
  8541 | D:9      | Killed Grum
  8652 | D:9      | Reached **** piety under Okawaru
  8674 | D:9      | Identified the cursed +0 helmet of Afiet {Dex+2} (You found
                  | it on level 9 of the Dungeon)
  9294 | D:9      | Gained mutation: You are agile. (Dex +2) [potion of
                  | mutation]
  9294 | D:9      | Gained mutation: Your flesh is cold resistant. (rC+)
                  | [potion of mutation]
  9412 | D:9      | Reached skill level 11 in Throwing
 10037 | D:10     | Entered Level 10 of the Dungeon
 10062 | D:10     | Received a gift from Okawaru
 10068 | D:10     | Reached skill level 1 in Evocations
 10158 | D:10     | Found Avido's Antique Weapon Boutique.
 10179 | D:10     | Found a staircase to the Lair.
 10324 | D:10     | Received a gift from Okawaru
 10498 | D:10     | Found Sammil's Island Escapes.
 10614 | D:11     | Noticed Psyche
 10627 | D:11     | Killed Psyche
 10688 | D:11     | Killed an unseen horror
 10688 | D:11     | Reached ***** piety under Okawaru
 11135 | D:11     | Reached skill level 1 in Invocations
 11596 | D:11     | Reached XP level 12. HP: 119/126 MP: 10/12
 11729 | D:11     | Reached skill level 10 in Fighting
 11941 | Lair:1   | Entered Level 1 of the Lair of Beasts
 12275 | Lair:1   | Noticed a six-headed hydra
 12282 | Lair:1   | Killed a six-headed hydra
 12282 | Lair:1   | Received a gift from Okawaru
 12331 | Lair:1   | Reached skill level 12 in Throwing
 12905 | Lair:2   | Received a gift from Okawaru
 12953 | Lair:2   | Found a staircase to the Shoals.
 13484 | Lair:2   | Found a staircase to the Snake Pit.
 13586 | Lair:2   | Found the +3 hat of Pondering {ponderous, MR+ MP+10 Int+5}
 14204 | Lair:3   | Received a gift from Okawaru
 14207 | Lair:3   | Got a crystal double sword {god gift}
 14208 | Lair:3   | Identified the +10 double sword "Weegeoj" {elec, rN+}
                  | (Okawaru gifted it to you on level 3 of the Lair of Beasts)
 14217 | Lair:3   | Reached skill level 13 in Throwing
 14679 | Lair:3   | You fall through a shaft for 2 floors!
 14743 | Lair:4   | Reached skill level 1 in Long Blades
 14927 | Lair:4   | Noticed a six-headed hydra
 14932 | Lair:4   | Reached XP level 13. HP: 135/135 MP: 14/14
 15172 | Lair:4   | Received a gift from Okawaru
 15370 | Lair:4   | Got a steaming mace
 15371 | Lair:4   | Identified the +4 mace "Kouppino" {crush, rElec Stlth+}
                  | (You found it on level 4 of the Lair of Beasts)
 15719 | Lair:3   | Noticed Fannar
 15728 | Lair:3   | Killed Fannar
 15728 | Lair:3   | Reached skill level 5 in Long Blades
 15930 | Lair:3   | Received a gift from Okawaru
 16396 | Lair:5   | Identified the +7 trident "Culoumma" {distort, Str+3 Int+3}
 16396 | Lair:5   | Noticed Jeban's ghost (journeyman OpFi)
 16398 | Lair:5   | Identified the +9 trident of Quuton {antimagic, rF+}
 16475 | Lair:5   | Received a gift from Okawaru
 16611 | Lair:5   | Found a runed translucent door.
 16612 | Lair:5   | Found a viscous altar of Jiyva.
 16621 | Lair:5   | Found a staircase to the Slime Pits.
 16928 | Lair:5   | Found a transporter.
 16964 | Lair:5   | Found a transporter.
 16964 | Lair:5   | Found a bloodstained altar of Trog.
 17026 | Lair:5   | Received a gift from Okawaru
 17428 | Lair:6   | Entered Level 6 of the Lair of Beasts
 17551 | Lair:6   | Received a gift from Okawaru
 17689 | Lair:6   | Reached ****** piety under Okawaru
 17695 | Lair:6   | Received a gift from Okawaru
 17695 | Lair:6   | Reached skill level 14 in Throwing
 17730 | Lair:6   | Noticed a dire elephant
 17741 | Lair:6   | Killed a dire elephant
 17741 | Lair:6   | Received a gift from Okawaru
 17772 | Lair:6   | Received a gift from Okawaru
 17791 | Lair:6   | Noticed a dire elephant
 17796 | Lair:6   | Received a gift from Okawaru
 17805 | Lair:6   | Killed a dire elephant
 17805 | Lair:6   | Reached XP level 14. HP: 42/146 MP: 9/15
 17820 | Lair:6   | Got a silken robe
 17821 | Lair:6   | Identified the cursed +0 robe "Keimpu" {rElec} (You found
                  | it on level 6 of the Lair of Beasts)
 18411 | Lair:6   | Reached skill level 10 in Maces & Flails
 18411 | Lair:6   | Reached skill level 1 in Armour
 18411 | Lair:6   | Reached skill level 1 in Spellcasting
 18411 | Lair:6   | Reached XP level 15. HP: 154/154 MP: 17/17
 19389 | D:12     | Received a gift from Okawaru
 19535 | D:12     | Found a staircase to the Orcish Mines.
 20180 | D:13     | Found a hazy altar of Hepliaklqana.
 20349 | D:13     | Reached skill level 10 in Long Blades
 20361 | D:13     | Received a gift from Okawaru
 20436 | D:13     | Found a gate to the Vaults.
 20740 | D:13     | Found Foicoh's Jewellery Emporium.
 20771 | Orc:1    | Entered Level 1 of the Orcish Mines
 20912 | Orc:1    | Found a runed translucent gate.
 20913 | Orc:1    | Found a runed translucent gate.
 20915 | Orc:1    | Found a runed translucent gate.
 20918 | Orc:1    | Noticed Aurelien's ghost (journeyman MiFi)
 20977 | Orc:1    | Killed Aurelien's ghost
 20988 | Orc:1    | Got a vibrating platinum ring
 20990 | Orc:1    | Identified the ring "Zupel" {Fire MP+9} (You found it on
                  | level 1 of the Orcish Mines)
 21275 | Orc:2    | Entered Level 2 of the Orcish Mines
 21428 | Orc:2    | Reached skill level 1 in Shields
 21478 | Orc:2    | Found a staircase to the Elven Halls.
 21803 | Orc:2    | Reached skill level 15 in Throwing
 21844 | Orc:2    | Found Dedur's Food Emporium.
 22234 | Orc:2    | Found Layt's Magic Scroll Boutique.
 22241 | Orc:2    | Found Vaeg's Book Boutique.
 22243 | Orc:2    | Found Lewnucs's Food Emporium.
 22508 | Lair:5   | Killed Jeban's ghost
 22516 | Lair:5   | Cast into level 3 of the Abyss (spriggan rider)
 22654 | Abyss:3  | Noticed a lich
 22667 | Abyss:3  | Killed a lich
 22667 | Abyss:3  | Received a gift from Okawaru
 22667 | Abyss:3  | Reached XP level 16. HP: 90/165 MP: 15/19
 22672 | Abyss:3  | Noticed a tentacled starspawn
 22689 | Abyss:3  | Killed a tentacled starspawn
 22726 | Abyss:3  | Noticed a tentacled starspawn
 22732 | Abyss:3  | Killed a tentacled starspawn
 22981 | Abyss:3  | Gained mutation: Your body sometimes deteriorates upon
                  | taking damage. [a neqoxec]
 22988 | Abyss:3  | Gained mutation: You are dopey. (Int -2) [a neqoxec]
 23026 | Abyss:3  | Found a burning altar of Makhleb.
 23034 | Abyss:3  | Noticed a tentacled starspawn
 23041 | Abyss:3  | Killed a tentacled starspawn
 23050 | Abyss:3  | HP: 2/166 [smoke demon/divine providence (11)]
 23131 | Abyss:3  | Received a gift from Okawaru
 23175 | Abyss:3  | Noticed a tentacled starspawn
 23196 | Abyss:3  | Killed a tentacled starspawn
 23199 | Lair:5   | Escaped the Abyss
 23707 | D:14     | Found Ysepnahu's General Store.
 23713 | D:14     | Noticed Louise
 23715 | D:14     | Bought a potion of heal wounds for 65 gold pieces
 23725 | D:14     | Killed Louise
 23943 | D:13     | Bought an uncursed amulet of regeneration for 420 gold
                  | pieces
 23964 | D:13     | Bought a +4 ring of slaying for 1092 gold pieces
 24189 | D:14     | Noticed Jorgrun
 24205 | D:14     | Killed Jorgrun
 24381 | D:14     | Learned a level 3 spell: Regeneration
 24511 | D:14     | Received a gift from Okawaru
 24640 | D:14     | Found Soesch's Armour Boutique.
 24640 | D:14     | Noticed Josephine
 24657 | D:14     | Killed Josephine
 24715 | D:14     | Found Huab's Armour Boutique.
 24824 | D:15     | Entered Level 15 of the Dungeon
 25477 | D:15     | Reached XP level 17. HP: 164/176 MP: 20/20
 25509 | D:15     | Found a staircase to the Depths.
 25612 | D:15     | Found Nuun's Food Boutique.
 26017 | Snake:1  | Entered Level 1 of the Snake Pit
 26270 | Lair:2   | Reached skill level 5 in Shields
 26753 | Snake:1  | Received a gift from Okawaru
 27138 | Snake:2  | Received a gift from Okawaru
 27140 | Snake:2  | Reached skill level 16 in Throwing
 27705 | Snake:3  | Found Wimnobaw's Antique Weapon Shoppe.
 27949 | Snake:3  | Identified the +6 short sword of Rotation {vamp, -Tele
                  | rPois Dex+7}
 27956 | Snake:3  | Noticed Hycrow's ghost (journeyman MiBe)
 28038 | Snake:3  | Received a gift from Okawaru
 28590 | Snake:3  | Identified a scroll of acquirement
 28677 | Snake:3  | Identified the +4 morningstar of Armageddon {drain, *Slow
                  | Str+4 Dex+6}
 28683 | Snake:3  | Identified the +8 broad axe of Othun {venom, *Corrode MR+
                  | Str+3}
 28691 | Snake:3  | Found a bloodstained altar of Trog.
 28699 | Snake:3  | Found a transporter.
 28701 | Snake:3  | Found a transporter.
 28948 | Snake:4  | Entered Level 4 of the Snake Pit
 28979 | Snake:4  | Reached XP level 18. HP: 167/189 MP: 21/21
 29052 | Snake:4  | Reached skill level 5 in Stealth
 29298 | Snake:4  | Reached skill level 5 in Invocations
 29345 | Snake:3  | Received a gift from Okawaru
 29352 | Snake:3  | Got a brightly glowing triple sword {god gift}
 29353 | Snake:3  | Identified the +9 triple sword of Famine {slice, rElec}
                  | (Okawaru gifted it to you on level 3 of the Snake Pit)
 29830 | Snake:4  | Found Toppol's Antique Armour Shop.
 30058 | Snake:4  | Learned a level 2 spell: Blink
 30302 | Snake:4  | Reached skill level 1 in Charms
 30313 | Snake:4  | Reached skill level 1 in Necromancy
 30324 | Snake:4  | Reached skill level 1 in Translocations
 30482 | Snake:4  | Received a gift from Okawaru
 30482 | Snake:4  | Reached skill level 17 in Throwing
 30483 | Snake:4  | Got a brightly glowing dagger {god gift}
 30486 | Snake:4  | Identified the +1 dagger "Hydraslayer" {drain, rF+}
                  | (Okawaru gifted it to you on level 4 of the Snake Pit)
 30742 | Snake:4  | Received a gift from Okawaru
 30897 | Snake:4  | Received a gift from Okawaru
 30966 | Snake:4  | Reached XP level 19. HP: 173/198 MP: 25/25
 31073 | Snake:4  | Received a gift from Okawaru
 31104 | Snake:4  | Got a serpentine rune of Zot
 31256 | Snake:4  | Reached skill level 10 in Dodging
 31380 | Shoals:1 | Entered Level 1 of the Shoals
 31410 | Shoals:1 | Found a sparkling altar of Nemelex Xobeh.
 31487 | Shoals:1 | Noticed Kirke
 31506 | Shoals:1 | Received a gift from Okawaru
 31527 | Lair:2   | HP: 9/198 [harpy (7)]
 31957 | Lair:2   | Killed Kirke
 32885 | Shoals:2 | Noticed Ilsuiw
 32939 | Shoals:2 | Killed Ilsuiw
 33434 | Shoals:3 | Reached skill level 15 in Fighting
 34032 | Shoals:4 | Entered Level 4 of the Shoals
 34695 | Shoals:3 | Reached skill level 15 in Long Blades
 35285 | Shoals:4 | Received a gift from Okawaru
 35408 | Shoals:4 | Got a barnacled rune of Zot
 36062 | Elf:1    | Entered Level 1 of the Elven Halls
 36122 | Elf:1    | Found Pubaohua's Antique Armour Boutique.
 36164 | Elf:1    | Received a gift from Okawaru
 36298 | Elf:1    | Reached XP level 20. HP: 210/210 MP: 26/26
 36627 | Elf:1    | Noticed Frances
 36635 | Elf:1    | Killed Frances
 36635 | Elf:1    | Received a gift from Okawaru
 36635 | Elf:1    | Reached skill level 10 in Shields
 36722 | Elf:1    | Noticed Agnes
 36722 | Elf:1    | You fall through a shaft!
 36729 | Elf:2    | Got a bound bone ring
 36731 | Elf:2    | Identified the ring "Cojamm" {*Corrode rPois rF+ AC+1
                  | Dex+7} (You acquired it on level 2 of the Elven Halls)
 36905 | Elf:2    | Reached skill level 18 in Throwing
 36938 | Elf:2    | Noticed Aizul
 36952 | Elf:2    | Killed Aizul
 37123 | Elf:2    | Found a large runed translucent door.
 37123 | Elf:2    | Found a large runed translucent door.
 37171 | Elf:2    | Received a gift from Okawaru
 37879 | Elf:1    | Killed Agnes
 37918 | Elf:1    | Identified Kikubaaqudgha's Compendium of Necromancy
 38084 | Elf:1    | Found a portal to a secret trove of treasure.
 38329 | Elf:2    | Found a large runed translucent door.
 38329 | Elf:2    | Found a large runed translucent door.
 39015 | Elf:3    | Entered Level 3 of the Elven Halls
 39015 | Elf:3    | Noticed Mara
 39509 | Elf:3    | Received a gift from Okawaru
 39512 | Elf:3    | Got a dazzling long sword {god gift}
 39552 | Elf:3    | Noticed dvd's illusion
 39553 | Elf:3    | Killed Mara
 39553 | Elf:3    | Reached XP level 21. HP: 198/222 MP: 27/27
 39566 | Elf:3    | Identified the +6 long sword "Newtslayer" {slice, +Inv
                  | rElec} (Okawaru gifted it to you on level 3 of the Elven
                  | Halls)
 40331 | Elf:3    | Received a gift from Okawaru
 40355 | Elf:3    | Got a brightly glowing hand axe {god gift}
 40356 | Elf:3    | Identified the +7 hand axe of Okawaru {chop, rN+ Int+4}
                  | (Okawaru gifted it to you on level 3 of the Elven Halls)
 40509 | Elf:3    | Identified the amulet of the Ego {Spirit rElec rPois Dex+7
                  | Stlth-}
 40509 | Elf:3    | Identified the +0 buckler of Watchfulness {Slay+3}
 40884 | Elf:3    | Identified the Incunabulum of Augmentations and
                  | Translocation
 40955 | Elf:3    | Found the cursed +13 scythe of Curses {drain, *Curse}
 40976 | Elf:3    | Reached skill level 19 in Throwing
 41009 | Elf:3    | Identified Kofigrecs's Handbook of Floating Enhancements
 41018 | Elf:3    | Identified the Compendium of the Warped Snowflakes
 41026 | Elf:3    | Identified the +7 trident "Faitho" {distort, rPois Str+5
                  | Int+3} (You found it on level 3 of the Elven Halls)
 41035 | Elf:3    | Identified the ring "Justuo" {rCorr Str+3} (You found it on
                  | level 3 of the Elven Halls)
 41041 | Elf:3    | Got a smoking whip
 41042 | Elf:3    | Identified the +1 whip "Zarhocud" {venom, rF++ Str+4} (You
                  | found it on level 3 of the Elven Halls)
 41369 | Vaults:1 | Entered Level 1 of the Vaults
 41404 | Vaults:1 | Found a magical portal.
 41420 | WizLab   | Entered Zonguldrok's Shrine
 41833 | WizLab   | Noticed an antique lich
 41843 | WizLab   | Killed an antique lich
 41843 | WizLab   | Reached skill level 5 in Spellcasting
 41855 | WizLab   | Found the +9 sword of Zonguldrok {reap}
 42036 | Vaults:1 | Received a gift from Okawaru
 42303 | Vaults:1 | Received a gift from Okawaru
 42555 | Vaults:1 | Found Nox Judgh's Antique Armour Emporium.
 43108 | Vaults:1 | Learned a level 1 spell: Apportation
 43156 | Vaults:1 | Reached XP level 22. HP: 225/234 MP: 29/29
 43399 | Vaults:2 | Noticed Saint Roka
 43439 | Vaults:1 | Killed Saint Roka
 43439 | Vaults:1 | Received a gift from Okawaru
 44391 | Vaults:2 | Received a gift from Okawaru
 44841 | Vaults:3 | Reached skill level 5 in Armour
 45063 | Vaults:3 | Noticed Boris
 45073 | Vaults:3 | Killed Boris
 45103 | Vaults:3 | Found a staircase to the Crypt.
 45571 | Vaults:3 | Identified the Handbook of Creative Curses
 45801 | Vaults:3 | Reached XP level 23. HP: 201/244 MP: 31/31
 45814 | Vaults:3 | Received a gift from Okawaru
 46012 | Vaults:3 | Noticed Nikola
 46026 | Vaults:3 | Killed Nikola
 46254 | Vaults:4 | Received a gift from Okawaru
 46255 | Vaults:4 | Found the +7 sceptre of Torment {pain, torment}
 46998 | Vaults:4 | Received a gift from Okawaru
 47033 | Vaults:4 | Received a gift from Okawaru
 47141 | Vaults:4 | Found a flickering gateway to a bazaar.
 47158 | Bazaar   | Entered a bazaar
 47194 | Bazaar   | Found Peukhlo's Magic Scroll Shop.
 47208 | Bazaar   | Found Wuxuth's Armour Boutique.
 47245 | Bazaar   | Found Coisut's Gadget Shop.
 47245 | Bazaar   | Found Mofreum's Antique Weapon Boutique.
 47284 | Bazaar   | Bought a scroll of magic mapping for 56 gold pieces
 47284 | Bazaar   | Bought a scroll of enchant weapon for 120 gold pieces
 47284 | Bazaar   | Bought a scroll of enchant weapon for 120 gold pieces
 47284 | Bazaar   | Bought a scroll of blinking for 120 gold pieces
 47284 | Bazaar   | Bought a scroll of teleportation for 48 gold pieces
 47284 | Bazaar   | Bought a scroll of holy word for 120 gold pieces
 47284 | Bazaar   | Bought a scroll of fear for 56 gold pieces
 47674 | Vaults:4 | Received a gift from Okawaru
 47681 | Vaults:4 | Got a brightly glowing falchion {god gift}
 47682 | Vaults:4 | Identified the +1 falchion of Tuulov {slice, rN+ Str+3
                  | Stlth+} (Okawaru gifted it to you on level 4 of the Vaults)
 47755 | Vaults:4 | Identified the ring of Fosumoas {-Tele rF++ rN+} (You found
                  | it on level 4 of the Vaults)
 48057 | Vaults:4 | Reached skill level 15 in Shields
 48515 | Snake:3  | Killed Hycrow's ghost
 48555 | Snake:3  | Identified the Grimoire of Congealing Flight
 48858 | Depths:1 | Entered Level 1 of the Depths
 48924 | Depths:1 | Received a gift from Okawaru
 49015 | Depths:1 | Reached XP level 24. HP: 256/256 MP: 32/32
 49019 | Depths:1 | Reached skill level 20 in Throwing
 49028 | Depths:1 | Received a gift from Okawaru
 49330 | Depths:1 | Received a gift from Okawaru
 49401 | Depths:1 | Identified the +2 robe of Gallantry {rF+} (Okawaru gifted
                  | it to you on level 1 of the Depths)
 49509 | Depths:1 | Found a gateway to Hell.
 49604 | Depths:1 | Found a one-way gate to the infinite horrors of the Abyss.
 49996 | Depths:2 | Found a one-way gate leading to the halls of Pandemonium.
 50630 | Depths:2 | Received a gift from Okawaru
 50948 | Depths:2 | Found a glowing golden altar of the Shining One.
 51335 | Depths:2 | Reached XP level 25. HP: 267/267 MP: 32/32
 51426 | Depths:2 | Received a gift from Okawaru
 51444 | Depths:2 | Identified the +0 long sword of the Land of Plenty {vamp,
                  | Int+3} (You found it on level 2 of the Depths)
 51668 | Depths:3 | Found the ring of the Octopus King
 51704 | Depths:3 | Got a ring of the Octopus King
 51706 | Depths:3 | Identified a ring of the Octopus King {rN+ AC+1 EV+1 Str+1
                  | Int+1 Dex+1} (You found it on level 3 of the Depths)
 51805 | Depths:3 | Paralysed by a floating eye for 2 turns
 52024 | Depths:3 | Identified the ring of Tuttuitz {*Tele rElec rC++ rN+} (You
                  | found it on level 3 of the Depths)
 52210 | Depths:3 | Identified the ring of Adaicino {MP+9 Stlth+}
 52210 | Depths:3 | Noticed Sojobo
 52258 | Depths:3 | Killed Sojobo
 52624 | Depths:3 | Found Mumyint's Armour Boutique.
 52635 | Depths:3 | Bought the +1 cloak of Starlight {rElec rC+ EV+4 Stlth--}
                  | for 667 gold pieces
 52635 | Depths:3 | Found the +1 cloak of Starlight {rElec rC+ EV+4 Stlth--}
 52685 | Depths:3 | Noticed a juggernaut
 52710 | Depths:3 | Found Geocw's Assorted Antiques.
 52718 | Depths:3 | Bought a scroll of teleportation for 111 gold pieces
 52718 | Depths:3 | Bought a potion of might for 148 gold pieces
 52718 | Depths:3 | Bought a scroll of fear for 129 gold pieces
 52718 | Depths:3 | Bought a scroll of teleportation for 111 gold pieces
 53030 | Depths:3 | Killed a juggernaut
 53172 | Depths:3 | Reached skill level 21 in Throwing
 53322 | Depths:3 | Reached skill level 5 in Charms
 53752 | Vaults:5 | Entered Level 5 of the Vaults
 53834 | Vaults:4 | Received a gift from Okawaru
 53837 | Vaults:4 | Got a dazzling animal skin {god gift}
 53848 | Vaults:4 | Identified the +0 animal skin "Ziapip" {rF+} (Okawaru
                  | gifted it to you on level 4 of the Vaults)
 53902 | Vaults:4 | Reached skill level 10 in Armour
 54012 | Vaults:5 | Noticed an ancient lich
 54027 | Vaults:5 | Banished an ancient lich
 54028 | Vaults:5 | Noticed an ancient lich
 54285 | Vaults:5 | Killed an ancient lich
 54313 | Vaults:4 | Reached XP level 26. HP: 107/279 MP: 16/33
 54780 | Vaults:5 | Reached skill level 5 in Necromancy
 54789 | Vaults:5 | Paralysed by a floating eye for 3 turns
 54791 | Vaults:5 | Killed from afar by a deep elf annihilator

Skill      XL: |  1  2  3  4  5  6  7  8  9 10 11 12 13 14 15 16 17 18 19 20 21 22 23 24 25 26 |
---------------+-------------------------------------------------------------------------------+-----
Throwing       | 5 6 7 8 10 11 13 14 15 16 17 18 19 20 21 | 21.2
Fighting       | 3 4 5 6 7 8 9 10 11 12 13 14 15 16 17 18 19 | 19.2
Dodging        | 2 3 4 5 6 7 8 9 10 11 12 13 | 13.6
Stealth        | 1 2 3 4 5 |  5.6
Axes           | 1 3 4 |  4.5
Maces & Flails | 4 6 7 9 10 | 10.4
Evocations     | 1 |  1.9
Invocations    | 1 2 3 4 5 6 |  6.1
Long Blades    | 3 8 9 11 13 14 15 16 17 | 17.2
Armour         | 1 3 5 7 9 10 | 10.5
Spellcasting   | 1 4 5 6 7 |  7.3
Shields        | 1 4 6 7 9 11 12 13 15 16 17 | 17.0
Charms         | 2 3 4 5 |  5.2
Necromancy     | 2 3 4 5 |  5.0
Translocations | 2 3 |  3.2
Short Blades   | |  0.2

Action                   |  1- 3 |  4- 6 |  7- 9 | 10-12 | 13-15 | 16-18 | 19-21 | 22-24 | 25-27 || total
-------------------------+-------+-------+-------+-------+-------+-------+-------+-------+-------++-------
Melee: Short sword       |    38 |       |       |       |       |       |       |       |       ||    38
       Falchion          |     8 |       |       |       |       |       |       |       |       ||     8
       War axe           |       |    44 |    18 |       |       |       |       |       |       ||    62
       Flail             |       |       |   233 |   345 |       |       |       |       |       ||   578
       Hand axe          |       |       |     3 |    25 |       |       |       |       |       ||    28
       Punch             |       |       |       |     3 |     2 |       |       |       |       ||     5
       Double sword      |       |       |       |    36 |   333 |   678 |   804 |  1134 |       ||  2985
       Mace              |       |       |       |       |     6 |   125 |       |       |       ||   131
       Long sword        |       |       |       |       |       |       |   124 |       |   419 ||   543
Throw: Large rock        |    49 |    27 |    63 |   137 |   326 |   374 |   303 |   483 |    20 ||  1782
       Throwing net      |     2 |     1 |       |     5 |     2 |     1 |       |       |       ||    11
       Tomahawk          |       |       |    17 |   114 |     4 |       |   121 |     6 |    42 ||   304
       Javelin           |       |       |       |    55 |    13 |   189 |   160 |    32 |   239 ||   688
 Cast: Regeneration      |       |       |       |       |       |       |    26 |    46 |    31 ||   103
       Apportation       |       |       |       |       |       |       |     1 |     1 |       ||     2
       Blink             |       |       |       |       |       |       |       |     1 |     9 ||    10
Invok: Heroism           |       |       |       |    19 |    24 |    45 |    41 |    24 |    14 ||   167
       Finesse           |       |       |       |       |     1 |     2 |     1 |       |     3 ||     7
Evoke: Wand              |       |     2 |     5 |     3 |     1 |     6 |     3 |       |     4 ||    24
  Use: Scroll            |       |       |     5 |    13 |     8 |     9 |    15 |    11 |    10 ||    71
       Potion            |       |       |       |    12 |     2 |     9 |     3 |     4 |     2 ||    32
 Stab: Sleeping          |       |     1 |     1 |       |     4 |     1 |     1 |     2 |     1 ||    11
       Paralysed         |       |       |     4 |       |       |       |       |       |       ||     4
       Distracted        |       |       |       |       |       |     1 |     2 |     2 |     2 ||     7
       Fleeing           |       |       |       |       |       |       |       |     1 |       ||     1
  Eat: Chunk             |     1 |     4 |    13 |    28 |    21 |    17 |    38 |    34 |    15 ||   171
       Ration            |       |       |       |       |     1 |     4 |     2 |       |       ||     7
Armor: Robe              |    16 |    24 |   139 |    17 |       |       |       |       |       ||   196
       Steam dragon scal |       |       |       |   152 |   106 |   219 |   303 |   199 |   124 ||  1103
Dodge: Dodged            |    38 |    36 |   205 |   282 |   192 |   405 |   564 |   661 |   416 ||  2799
Block: Large shield      |       |       |       |       |    93 |   728 |  1022 |  1309 |   643 ||  3795
       Shield            |       |       |       |       |    21 |       |       |       |       ||    21
       Rpst.: Falchion   |     2 |       |       |       |       |       |       |       |       ||     2
       Double sword      |       |       |       |    10 |    46 |    67 |    93 |    96 |       ||   312
       Long sword        |       |       |       |       |       |       |     7 |       |    59 ||    66
